 Dungeon Crawl Stone Soup version 0.21.1-1-g345015fe64 (webtiles) character file.

130 KrisztiCat the Cudgeler (level 4, -4/41 HPs)
             Began as a Minotaur Berserker on June 11, 2018.
             Was a Believer of Trog.
             Killed from afar by Sigmund (7 damage)
             ... with a puff of flame
             ... on level 3 of the Dungeon.
             The game lasted 00:08:25 (2000 turns).

KrisztiCat the Cudgeler (Minotaur Berserker)        Turns: 2000, Time: 00:08:25

Health: -4/41      AC:  2    Str: 23    XL:     4   Next: 89%
Magic:  3/3        EV: 12    Int:  4    God:    Trog [**....]
Gold:   189        SH:  0    Dex:  9    Spells: 3/3 levels left

rFire    . . .     SeeInvis .   a - +0 mace
rCold    . . .     Gourm    .   (no shield)
rNeg     . . .     Faith    .   b - +0 animal skin
rPois    .         Spirit   .   (helmet restricted)
rElec    .         Reflect  .   (no cloak)
rCorr    .         Harm     .   (no gloves)
MR       .....                  (no boots)
Stlth    +.........             (no amulet)
HPRegen  0.13/turn              (no ring)
MPRegen  0.08/turn              (no ring)

@: drained
A: retaliatory headbutt, horns 2
a: Berserk, Trog's Hand, Burn Spellbooks, Renounce Religion


You were on level 3 of the Dungeon.
You worshipped Trog.
Trog was pleased with you.
You were not hungry.

You visited 1 branch of the dungeon, and saw 4 of its levels.

You collected 189 gold pieces.

Inventory:

Hand Weapons
 a - a +0 mace (weapon)
Armour
 b - a +0 animal skin (worn)
Jewellery
 f - an uncursed ring of flight {unknown}
 o - an uncursed ring of protection from magic {unknown}
 q - a +2 ring of slaying {unknown}
Scrolls
 e - a scroll of fog {unknown}
 h - 2 scrolls of identify {unknown}
 i - a scroll of teleportation {unknown}
 k - a scroll of immolation {unknown}
 l - 3 scrolls of remove curse {unknown}
 p - a scroll of blinking {unknown}
Potions
 d - a potion of berserk rage
 g - a potion of degeneration {unknown}
 j - a potion of agility
 n - a potion of lignification {unknown}
Comestibles
 c - 4 rations
 m - 2 chunks of flesh


   Skills:
 - Level 4.6(4.0) Fighting
 + Level 5.5(4.9) Maces & Flails
 - Level 2.6(2.0) Armour
 - Level 2.9(2.3) Dodging
 - Level 0.3(0.0) Stealth


You had 3 spell levels left.
You didn't know any spells.

Dungeon Overview and Level Annotations

Branches:
Dungeon (4/15)
 Temple: D:4-7

Altars:
Cheibriados
Makhleb
Xom

Annotations:
D:3 Sigmund


Innate Abilities, Weirdness & Mutations

You reflexively headbutt those who attack you in melee.
You have a pair of horns on your head.


Message History

The stone hits you.
You miss something. Your headbutt misses something.
You hear some strange, mumbled words.
Something tries to affect you, but you resist.
The goblin shoots a stone.
The stone closely misses you.
You barely miss something. Something hits you but does no damage.
The goblin shoots a stone.
You closely miss something. You headbutt something. Something hits you!
* * * LOW HITPOINT WARNING * * *
Something freezes you.
* * * LOW HITPOINT WARNING * * *
You closely miss something.
The goblin shoots a stone.
The stone hits you.
* * * LOW HITPOINT WARNING * * *
A puff of flame appears from out of thin air!
The puff of flame hits you!
* * * LOW HITPOINT WARNING * * *
Some of the chunks of flesh in your inventory have rotted away.
A puff of flame appears from out of thin air!
The puff of flame hits you!
You die...

#.# #.# #...............#.#
#.# #.###############.# #.#
#.#......# #.# #.# #.#....#.#
#.# ##..##.####.#..#.#.# #.#
#...........#..#.#.########.#
#.#.##.#########.#..........#
#.....g.(.####.############
#......(#....@.#
#..#.##.######...# ......##.
..#.# ####.#.##g ###.# .. #.
# #. ##


You could see a goblin.

Vanquished Creatures
  7 adders
  4 worms (D:2)
  A dart slug (D:1)
  2 leopard geckos
  3 giant cockroaches
  4 goblins
  6 hobgoblins
  3 jackals (D:2)
  5 kobolds
  A quokka (D:3)
  A ball python (D:1)
  8 bats
  5 frilled lizards
  7 rats
57 creatures vanquished.

Notes
Turn   | Place    | Note
-------+----------+-------------------------------------------
     0 | D:1      | KrisztiCat the Minotaur Berserker began the quest for the Orb.
     0 | D:1      | Reached XP level 1. HP: 19/19 MP: 0/0
   328 | D:1      | Reached XP level 2. HP: 25/27 MP: 1/1
   332 | D:1      | Reached skill level 4 in Maces & Flails
   784 | D:2      | Reached XP level 3. HP: 24/33 MP: 2/2
   788 | D:2      | Reached ** piety under Trog
   861 | D:2      | HP: 1/33 [worm (7)]
  1419 | D:2      | Reached XP level 4. HP: 40/41 MP: 3/3
  1595 | D:2      | Found a shimmering altar of Xom.
  1602 | D:2      | Found a burning altar of Makhleb.
  1640 | D:2      | Reached skill level 5 in Maces & Flails
  1687 | D:2      | Found a snail-covered altar of Cheibriados.
  1988 | D:3      | Noticed Sigmund
  2000 | D:3      | Killed from afar by Sigmund

Skill      XL: |  1  2  3  4 |
---------------+-------------+-----
Maces & Flails | 4 5 |  5.5
Fighting       | 4 |  4.6
Armour         | |  2.6
Dodging        | |  2.9
Stealth        | |  0.3

Action                   |  1- 3 |  4- 6 || total
-------------------------+-------+-------++-------
Melee: Mace              |    80 |    38 ||   118
       Headbutt          |     8 |     6 ||    14
  Use: Potion            |       |     3 ||     3
 Stab: Sleeping          |       |     1 ||     1
  Eat: Ration            |     1 |       ||     1
Armor: Animal skin       |    16 |     5 ||    21
Dodge: Dodged            |    57 |    20 ||    77
